 Dungeon Crawl Stone Soup version 0.30-a0-190-g22c9a3c0ff (webtiles) character file.

Game seed: 17843904841303719932

804 Komishar the Conjurer (level 7, -2/41 HPs)
             Began as an Octopode Conjurer on Oct 4, 2022.
             Was a Follower of Vehumet.
             Slain by a wyvern (20 damage)
             ... on level 8 of the Dungeon.
             The game lasted 00:50:26 (4688 turns).

Komishar the Conjurer (Octopode Conjurer)           Turns: 4688, Time: 00:50:27

Health: -2/41      AC:  1    Str:  6    XL:     7   Next: 91%
Magic:  5/13       EV: 13    Int: 22    God:    Vehumet [*.....]
Gold:   282        SH:  0    Dex: 11    Spells: 4/14 levels left

rFire   . . .      SeeInvis .    a - +1 dagger (holy)
rCold   . . .      Faith    .    (no shield)
rNeg    . . .      Spirit   .    (helmet restricted)
rPois   .          Reflect  .    (no amulet)
rElec   .          Harm     .    (no ring)
rCorr   .          Rampage  .    (no ring)
Will    .....                    (no ring)
Stlth   +++.......               (no ring)
HPRegen 0.26/turn                (no ring)
MPRegen 0.13/turn                (no ring)
                                 (no ring)
                                 (no ring)

@: no status effects
A: almost no armour, amphibious, 8 rings, camouflage 1, gelatinous body 1,
(nimble swimmer 1), tentacles
a: Renounce Religion


You were on level 8 of the Dungeon.
You worshipped Vehumet.
Vehumet was aware of your devotion.
You visited 2 branches of the dungeon, and saw 7 of its levels.

You collected 282 gold pieces.

Inventory:

Hand Weapons
 a - a +1 dagger of holy wrath (weapon)
 b - a +0 sling
Missiles
 e - 54 stones
 k - a throwing net
Scrolls
 f - 2 scrolls of magic mapping {unknown}
 h - 2 scrolls of identify
 i - a scroll of enchant armour {unknown}
 j - 3 scrolls of teleportation {unknown}
 l - a scroll of amnesia {unknown}
 m - a scroll of silence {unknown}
 n - a scroll of fear {unknown}
 o - a scroll of poison {unknown}
 p - a scroll of vulnerability {unknown}
 r - 2 scrolls of immolation {unknown}
Potions
 c - a potion of magic
 d - a potion of resistance {unknown}
 g - a potion of cancellation
 q - a potion of lignification


   Skills:
 - Level 2.1 Dodging
 - Level 2.6 Stealth
 - Level 4.0 Spellcasting
 + Level 6.9 Conjurations
 + Level 4.9 Translocations


You had 4 spell levels left.
You knew the following spells:

 Your Spells              Type           Power      Damage    Failure   Level
a - Magic Dart            Conj           100%       1d8       1%          1
b - Searing Ray           Conj           68%        2d6       1%          2
c - Iskenderun's Mystic   Conj/Tloc      30%        2d8       10%         4
d - Teleport Other        Tloc           26%        N/A       4%          3

Your spell library contained the following spells:

 Spells                   Type           Power      Damage    Failure   Level
 Kiss of Death            Conj/Necr      76%        2d11      2%          1
 Gell's Gravitas          Tloc           26%        N/A       4%          3
 Lesser Beckoning         Tloc           52%        N/A       4%          3
 Dazzling Flash           Conj/Hex       38%        N/A       9%          3
 Fulminant Prism          Conj/Hex       9%         3d7       26%         4


Dungeon Overview and Level Annotations

Branches:
Dungeon (8/15)             Temple (1/1) D:4
   Lair: D:8-11

Altars:
Cheibriados
Dithmenos
Elyvilon
Fedhas
Gozag
Hepliaklqana
Kikubaaqudgha
Makhleb
Nemelex Xobeh
Okawaru
Qazlal
Ru
Uskayaw
Vehumet
Wu Jian
Xom
Zin
The Shining One

Shops:
D:2 (   D:5 (

Annotations:
D:3 2 runed translucent doors, Caerun's ghost, amateur MfIE
D:4 Sigmund


Innate Abilities, Weirdness & Mutations

You cannot wear most types of armour.
You are amphibious.
You can wear up to eight rings at the same time.
Your skin changes colour to match your surroundings (Stealth+).
Your rubbery body absorbs attacks. (AC +1, EV +1)
((You are camouflaged when in or above water. (Stealth+)))
You have tentacles for arms and can constrict up to eight enemies at once.


Message History

The searing ray hits the ice beast.
You kill the ice beast!
Vehumet accepts your kill.
You start resting.
Magic restored.
Found a hand axe.
A sourceless malevolence fills the Dungeon...
You fall into a shaft and drop 3 floors!
The shaft crumbles and collapses.
There is a stone staircase leading down here.
Found a stone staircase leading down.
Found 20 gold pieces and a plate armour.
A wyvern comes into view.
Press: ? - help, v - describe, . - travel
Here: a wyvern (asleep)
The floor.
The magic dart hits the wyvern but does no damage.
The wyvern hisses angrily.
The magic dart hits the wyvern.
The wyvern is moderately wounded.
The magic dart hits the wyvern.
The wyvern is moderately wounded.
The magic dart hits the wyvern.
The wyvern is moderately wounded.
The magic dart hits the wyvern.
The wyvern is heavily wounded.
The wyvern bites you!
The magic dart hits the wyvern.
The wyvern is heavily wounded.
The wyvern bites you! The wyvern misses you.
You are too injured to fight recklessly!
Casting: Magic Dart (safe; 1% risk of failure)
Confirm with . or Enter, or press ? or * to list all spells.
Aiming: Searing Ray (safe; 1% risk of failure)
Press: ? - help, Shift-Dir - straight line, f/p - wyvern
Aim: a wyvern (heavily wounded, 81% to hit)
The searing ray misses the wyvern. (Press . to maintain the ray.)
The wyvern bites you!!
You die...

###.##
##..#
##..##
#...
##..##
#...
##..##
#...
#...#
....
##..##
....
##..##
....
#...#
#>@##
#..l#
#...#
#....#
#....#
##[.$.
###..
##.


You could see a wyvern.

Vanquished Creatures
  2 ice beasts
  2 ogres (D:5)
  2 necrophages (D:4)
  A scorpion (D:4)
  A howler monkey (D:5)
  2 iguanas (D:5)
  A gnoll (D:1)
  7 adders
  2 white imps
  2 worms (D:3)
  A dart slug (D:1)
  4 orcs
  11 ball pythons
  7 endoplasms
  3 giant cockroaches
  7 goblins
  6 hobgoblins
  9 jackals
  2 quokkas
  7 bats
  3 frilled lizards
  6 kobolds
  12 rats
100 creatures vanquished.

Vanquished Creatures (others)
  2 withered plants (D:1)
2 creatures vanquished.

Grand Total: 102 creatures vanquished

Notes
Turn   | Place    | Note
-------+----------+-------------------------------------------
     0 | D:1      | Komishar the Octopode Conjurer began the quest for the Orb.
     0 | D:1      | Reached XP level 1. HP: 11/11 MP: 3/3
   198 | D:1      | Reached XP level 2. HP: 16/17 MP: 1/5
   253 | D:1      | Learned a level 2 spell: Searing Ray
   450 | D:1      | Found a faded altar of an unknown god.
   654 | D:1      | Reached XP level 3. HP: 21/21 MP: 2/7
  1213 | D:2      | Found Unaridocou's Antique Weapon Shoppe.
  1330 | D:2      | Reached XP level 4. HP: 27/27 MP: 5/9
  1335 | D:2      | Learned a level 4 spell: Iskenderun's Mystic Blast
  1951 | D:3      | Identified the +0 leather armour of Amorality {rCorr
                  | Stlth+}
  2262 | D:3      | Found a runed translucent door.
  2266 | D:3      | Noticed Caerun's ghost (amateur MfIE)
  2287 | D:3      | Found a runed translucent door.
  2600 | D:4      | Noticed a necrophage
  2694 | D:4      | Found a staircase to the Ecumenical Temple.
  2699 | Temple   | Entered the Ecumenical Temple
  2738 | Temple   | Became a worshipper of Vehumet
  2909 | D:4      | Killed a necrophage
  2910 | D:4      | Reached skill level 1 in Translocations
  2910 | D:4      | Reached XP level 5. HP: 31/31 MP: 3/11
  3061 | D:4      | Reached skill level 5 in Conjurations
  3073 | D:4      | Reached XP level 6. HP: 36/36 MP: 6/12
  3246 | D:4      | Noticed an ice beast
  3377 | D:4      | Killed an ice beast
  3514 | D:4      | Noticed Sigmund
  3590 | D:5      | Entered Level 5 of the Dungeon
  3767 | D:4      | Reached XP level 7. HP: 31/41 MP: 4/13
  3892 | D:5      | Reached skill level 6 in Conjurations
  4278 | D:5      | Reached * piety under Vehumet
  4278 | D:5      | Offered knowledge of Kiss of Death by Vehumet.
  4283 | D:5      | Learned a level 3 spell: Teleport Other
  4506 | D:5      | Found Rafyna's Firing Range.
  4663 | D:5      | You fall into a shaft and drop 3 floors!
  4681 | D:8      | Noticed a wyvern
  4688 | D:8      | Slain by a wyvern

Illustrated notes

Levels and vault maps discovered:
D:1:      minmay_arrival_four_circles, layout_rooms,
          ebering_ecumenical_altar_petrified, minmay_tromino_v4_b
D:2:      layout_loops_ring, serial_shops, nicolae_shop_statue_plus,
          minmay_rat_gold_closets
D:3:      layout_loops_ring, ebering_ghost_sewer_f, st_stairs_1,
          serial_bayou_ford_a, minmay_distorted
D:4:      layout_rooms, temple_doors_e, grunt_decor_cap, uniq_sigmund
D:5:      layout_rooms, nicolae_shop_firing_range
D:8:      layout_layer_cave
Temple:   regret_index_temple_mists

Skill      XL: |  1  2  3  4  5  6  7 |
---------------+----------------------+-----
Spellcasting   | 3 4 |  4.0
Translocations | 1 2 3 4 |  4.9
Conjurations   | 5 6 |  6.9
Dodging        | |  2.1
Stealth        | |  2.6

Action                   |  1- 3 |  4- 6 |  7- 9 || total
-------------------------+-------+-------+-------++-------
Melee: Unarmed           |     2 |       |       ||     2
       Dagger            |     1 |    44 |       ||    45
       Constrict         |       |     8 |       ||     8
       Tentacles         |       |     6 |       ||     6
 Cast: Magic Dart        |    52 |    48 |    31 ||   131
       Searing Ray       |     4 |    12 |     8 ||    24
       Iskenderun's Myst |       |       |     1 ||     1
  Use: Scroll            |       |     7 |       ||     7
       Potion            |       |     1 |       ||     1
 Stab: Sleeping          |     1 |    15 |       ||    16
Armor: Skin              |       |     3 |       ||     3
Dodge: Dodged            |    10 |    39 |     3 ||    52

Table legend: (Time is in decaauts)
 A = Elapsed time spent in this place.
 B = Non-inter-level travel time spent in this place.
 C = Inter-level travel time spent in this place.
 D = Time resting spent in this place.
 E = Time spent auto-exploring this place.
 F = Levels seen in this place.
 G = Mean time per level.
                   A        B        C        D        E       F      G
               +--------+--------+--------+--------+--------+-----+--------+
         Total |   4689 |   4613 |     76 |   1411 |    650 |   7 |  669.9 |
       Dungeon |   4527 |   4473 |     54 |   1411 |    532 |   6 |  754.5 |
        Temple |    162 |    140 |     22 |      0 |    118 |   1 |  162.0 |
               +--------+--------+--------+--------+--------+-----+--------+

Top non-repeatable levels by time:
     D:3: 1122 daAuts
     D:1: 1108 daAuts
     D:4: 839 daAuts
     D:5: 781 daAuts
     D:2: 651 daAuts
  Temple: 162 daAuts
     D:8: 24 daAuts
